Maple Leafs vs Canadiens (R2)

Created - January 30, 2021 at 19:16

Goals
1 2 3 T
Maple Leafs 2 2 5 9
Canadiens 1 0 0 1
Shots
1 2 3 T
Maple Leafs 18 3 16 37
Canadiens 5 9 8 22

1st period

1. Canadiens , Dave Bolland 7 (Benoit Pouliot 18) at 1:37 (PP)
2. Maple Leafs , Kyle Clifford 15 (Patrick Kane 27, Brayden Schenn 24) at 14:38 (PP)
3. Maple Leafs , Kyle Clifford 16 (Patrick Kane 28, Ryan Parent 5) at 18:01

Penalties :
Kyle Clifford (Tor) for High sticking (Minor) at 0:22, Frans Nielsen (Mon) for Holding (Minor) at 14:25, Brady Skjei (Mon) for Hooking (Minor) at 14:49, Jake Guentzel (Tor) for Tripping (Minor) at 15:18

2nd period

4. Maple Leafs , Patrick Kane 28 (Brayden Schenn 25, Kyle Clifford 20) at 1:50
5. Maple Leafs , Patrick Kane 29 (Kyle Clifford 21) at 17:35

Penalties :
Dustin Boyd (Mon) for Interference (Minor) at 4:55, Dustin Boyd (Mon) for Hooking (Minor) at 8:23, Steve Downie (Mon) for Interference (Minor) at 8:28, Mika Zibanejad (Tor) for Hooking (Minor) at 13:35, Braydon Coburn (Tor) for Hooking (Minor) at 18:42

3rd period

6. Maple Leafs , Andre Burakovsky 10 (Kevin Shattenkirk 43, Kyle Clifford 22) at 4:28
7. Maple Leafs , Kyle Clifford 17 (John Klingberg 22, Kevin Shattenkirk 44) at 11:39
8. Maple Leafs , Calvin de Haan 1 (Ryan Parent 6, Andre Burakovsky 6) at 12:16
9. Maple Leafs , Jordan Staal 13 (John Klingberg 23, Jake Guentzel 11) at 12:26
10. Maple Leafs , Jordan Staal 14 (Hampus Lindholm 15) at 15:00

Penalties :
Kyle Clifford (Tor) for Tripping (Minor) at 2:15, Bryce Lampman (Mon) for Tripping (Minor) at 4:35, Claude Giroux (Mon) for Fighting (Major) at 15:01, John Klingberg (Tor) for Fighting (Major) at 15:01, Raphael Diaz (Mon) for Charging (Minor) at 16:22, Kyle Clifford (Tor) for Tripping (Minor) at 17:01, Mika Zibanejad (Tor) for Hooking (Minor) at 17:59

Goalie Stats

Brian Elliott (Tor), 21 saves from 22 shots - (0.955), W, 12-6-2, 60:00 minutes
Allen York (Mon), 19 saves from 24 shots - (0.792), L, 1-4-2, 44:28 minutes
Kristers Gudlevskis (Mon), 9 saves from 13 shots - (0.692), 15:32 minutes

Players Stats for Maple Leafs

Player Name              G  A  P  +/- PIM S  H  SB GA TA FO     MP     PP MP  PK MP  
------------------------------------------------------------------------------------
Andre Burakovsky         1  1  2   2  0   2  1  0  1  0  1/1     9:51   0:00   0:00 
Beau Bennett             0  0  0   2  0   1  1  0  0  0  0/0     9:51   0:00   0:00 
Ben Smith                0  0  0   2  0   0  1  1  0  1  0/1    18:03   3:20   5:00 
Blake Comeau             0  0  0   0  0   2  1  0  1  0  0/0     6:54   0:00   0:00 
Brayden Schenn           0  2  2   4  0   0  3  0  2  0  15/35  22:06   4:03   3:26 
Braydon Coburn           0  0  0   2  2   2  0  1  0  0  0/0    21:04   3:00   4:18 
Calvin de Haan           1  0  1   2  0   2  0  1  0  1  0/0    15:55   0:00   4:36 
Chris Kelly              0  0  0   0  0   2  2  0  0  0  2/5     9:07   0:00   2:13 
Dany Heatley             0  0  0   0  0   3  0  0  0  0  0/0     8:44   0:00   1:14 
Hampus Lindholm          0  1  1   2  0   0  3  1  0  0  0/0    16:32   2:47   0:46 
Jake Guentzel            0  1  1   2  2   0  1  2  0  0  1/1    13:02   3:19   0:00 
John Klingberg           0  2  2   4  5   3  3  0  0  0  0/0    20:31   4:21   0:00 
Jordan Staal             2  0  2   2  0   6  0  1  0  0  9/16   19:40   3:20   5:07 
Kevin Shattenkirk        0  2  2   4  0   1  2  1  1  0  0/0    29:46   4:36   6:16 
Kyle Clifford            3  3  6   4  6   7  0  1  2  0  3/3    19:29   4:02   1:18 
Mika Zibanejad           0  0  0   2  4   1  1  0  0  0  1/1    10:43   0:00   0:00 
Patrick Kane             2  2  4   4  0   4  2  0  1  0  0/1    19:14   4:03   0:01 
Ryan Parent              0  2  2   2  0   1  1  0  0  1  0/0    16:11   0:02   3:24 

Players Stats for Canadiens

Player Name              G  A  P  +/- PIM S  H  SB GA TA FO     MP     PP MP  PK MP  
------------------------------------------------------------------------------------
Benoit Pouliot           0  1  1  -1  0   2  2  1  1  0  0/0    16:16   4:14   0:52 
Brady Skjei              0  0  0  -5  2   2  2  2  0  3  0/0    24:23   4:34   1:38 
Brett Maclean            0  0  0  -2  0   0  1  0  1  0  0/0    10:36   0:14   0:00 
Bryce Lampman            0  0  0  -5  2   1  0  1  0  1  0/0    28:17   4:20   3:56 
Cameron Gaunce           0  0  0   0  0   0  2  1  0  0  0/0    14:47   4:44   0:00 
Claude Giroux            0  0  0  -4  5   3  1  0  0  0  2/4    18:22   4:01   0:00 
Dave Bolland             1  0  1  -1  0   4  3  1  0  1  5/14   17:49   4:05   2:25 
Dustin Boyd              0  0  0  -2  4   1  1  0  0  0  1/1    11:16   0:00   0:33 
Frans Nielsen            0  0  0  -4  2   1  1  0  0  0  19/31  21:07   5:10   1:19 
Greg Stewart             0  0  0  -4  0   1  0  0  1  1  1/3    21:23   4:49   1:08 
Jordan Szwarz            0  0  0  -2  0   1  0  0  0  0  0/3    11:35   1:13   0:00 
Mark Stuart              0  0  0  -3  0   2  1  0  0  0  0/0    19:50   0:18   5:08 
Nick Spaling             0  0  0  -1  0   0  1  0  0  0  0/0     6:20   0:00   0:00 
Nikolai Zherdev          0  0  0  -1  0   0  1  2  0  0  0/0     6:20   0:00   0:00 
Philip Larsen            0  0  0   0  0   0  0  1  0  1  0/0    11:47   0:00   1:34 
Pierre-Marc Bouchard     0  0  0  -1  0   1  0  0  0  0  4/8     9:38   0:00   3:11 
Raphael Diaz             0  0  0  -3  2   0  3  1  0  1  0/0    21:07   4:47   2:30 
Steve Downie             0  0  0  -1  2   3  1  0  0  0  0/0    16:52   4:01   3:23 

3 Stars

1 - Kyle Clifford (Tor)
2 - Patrick Kane (Tor)
3 - Jordan Staal (Tor)

Power Play

Maple Leafs - 1 on 7 Attempt(s) - 14.29%
Canadiens - 1 on 7 Attempt(s) - 14.29%

Penalty Kill

Maple Leafs - 6 on 7 Attempt(s) - 85.71% - Score 0 goal in Penalty Kill
Canadiens - 6 on 7 Attempt(s) - 85.71% - Score 0 goal in Penalty Kill

Team Stat

Maple Leafs - Hits : 22 - Faceoff Wins : 32 - Blocked Shots : 9 - Penalty Minutes : 19
Canadiens - Hits : 20 - Faceoff Wins : 32 - Blocked Shots : 10 - Penalty Minutes : 19

Official

Referees : Unknown
Linesman : Unknown

Game Notes

Kristers Gudlevskis enters game at 4:28 of 3rd period
Kyle Clifford has scored a Hat Trick!
Claude Giroux and John Klingberg fight to a draw at 15:01 of 3rd period

Finance

Level 1 -- Attendance: 5807 (96.78%) -- Ticket Income $592,314
Level 2 -- Attendance: 4409 (88.18%) -- Ticket Income $290,994
Level 3 -- Attendance: 2000 (100.00%) -- Ticket Income $84,000
Level 4 -- Attendance: 3627 (90.68%) -- Ticket Income $101,556
Luxury Box -- Attendance: 980 (98.00%) -- Ticket Income $178,360
Game was played at the Centre Bell.
Total Attendance: 16823 (93.46%)
Total Ticket Income: $1,247,224
Other Income: $187,084
Total Income: $1,434,308

Maple Leafs

5 vs 5 Forward 
   Center                   Left Wing                Right Wing               Time % Phy DF OF 
 1 Brayden Schenn           Kyle Clifford            Patrick Kane             40     1   2  2  
 2 Jordan Staal             Jake Guentzel            Ben Smith                30     1   2  2  
 3 Mika Zibanejad           Andre Burakovsky         Beau Bennett             20     1   2  2  
 4 Chris Kelly              Dany Heatley             Blake Comeau             10     1   2  2  

5 vs 5 Defense 
   Defense                  Defense                                           Time % Phy DF OF 
 1 Kevin Shattenkirk        John Klingberg                                    40     1   2  2  
 2 Braydon Coburn           Hampus Lindholm                                   30     1   2  2  
 3 Ryan Parent              Calvin de Haan                                    20     1   2  2  
 4 Kevin Shattenkirk        John Klingberg                                    10     1   2  2  

PowerPlay Forward 
   Center                   Left Wing                Right Wing               Time % Phy DF OF 
 1 Brayden Schenn           Kyle Clifford            Patrick Kane             60     1   2  2  
 2 Jordan Staal             Jake Guentzel            Ben Smith                40     1   2  2  

PowerPlay Defense
   Defense                  Defense                                           Time % Phy DF OF 
 1 Kevin Shattenkirk        John Klingberg                                    60     1   2  2  
 2 Braydon Coburn           Hampus Lindholm                                   40     1   2  2  

Penalty Kill 4 Players Forward 
   Center                   Wing                     Time % Phy DF OF 
 1 Jordan Staal             Ben Smith                60     1   2  2  
 2 Brayden Schenn           Kyle Clifford            40     1   2  2  

Penalty Kill 4 Players Defense
   Defense                  Defense                  Time % Phy DF OF 
 1 Kevin Shattenkirk        Braydon Coburn           60     1   2  2  
 2 Ryan Parent              Calvin de Haan           40     1   2  2  

Penalty Kill - 3 Players Forward 
   Forward                                           Time % Phy DF OF 
 1 Brayden Schenn                                    60     1   2  2  
 2 Jordan Staal                                      40     1   2  2  

Penalty Kill - 3 Players Defense
   Defense                  Defense                  Time % Phy DF OF 
 1 Kevin Shattenkirk        Braydon Coburn           60     1   2  2  
 2 Ryan Parent              Calvin de Haan           40     1   2  2  

4 vs 4 Forward 
   Center                   Wing                     Time % Phy DF OF 
 1 Jordan Staal             Patrick Kane             60     1   2  2  
 2 Brayden Schenn           Kyle Clifford            40     1   2  2  

4 vs 4 Defense
   Defense                  Defense                  Time % Phy DF OF 
 1 Kevin Shattenkirk        Braydon Coburn           60     1   2  2  
 2 Hampus Lindholm          John Klingberg           40     1   2  2  

Last Minutes Offensive
   Center                   Left Wing                Right Wing               Defense                  Defense                  
   Jordan Staal             Kyle Clifford            Patrick Kane             Kevin Shattenkirk        John Klingberg           

Last Minutes Defensive
   Center                   Left Wing                Right Wing               Defense                  Defense                  
   Jordan Staal             Kyle Clifford            Patrick Kane             Kevin Shattenkirk        Braydon Coburn           

Goaltenders
Starting : Brian Elliott            
Backup : John Gibson              

Extra Forwards
Normal : Mika Zibanejad, Dany Heatley, Chris Kelly - PP : Mika Zibanejad, Dany Heatley - PK : Chris Kelly
Extra Defensemen
Normal : Ryan Parent, Calvin de Haan, Braydon Coburn - PP : Ryan Parent - PK : Calvin de Haan, Braydon Coburn
Penalty Shots
Patrick Kane, Jordan Staal, Brayden Schenn, Kyle Clifford, Ben Smith

Scratches
None

Canadiens

5 vs 5 Forward 
   Center                   Left Wing                Right Wing               Time % Phy DF OF 
 1 Frans Nielsen            Greg Stewart             Claude Giroux            40     0   0  5  
 2 Dave Bolland             Benoit Pouliot           Steve Downie             30     0   0  5  
 3 Dustin Boyd              Brett Maclean            Jordan Szwarz            20     0   0  5  
 4 Pierre-Marc Bouchard     Nick Spaling             Nikolai Zherdev          10     0   3  2  

5 vs 5 Defense 
   Defense                  Defense                                           Time % Phy DF OF 
 1 Brady Skjei              Bryce Lampman                                     40     0   0  5  
 2 Mark Stuart              Raphael Diaz                                      30     0   0  5  
 3 Philip Larsen            Cameron Gaunce                                    20     0   2  3  
 4 Brady Skjei              Bryce Lampman                                     10     1   2  2  

PowerPlay Forward 
   Center                   Left Wing                Right Wing               Time % Phy DF OF 
 1 Frans Nielsen            Greg Stewart             Claude Giroux            50     0   0  5  
 2 Dave Bolland             Benoit Pouliot           Steve Downie             50     0   0  5  

PowerPlay Defense
   Defense                  Defense                                           Time % Phy DF OF 
 1 Brady Skjei              Bryce Lampman                                     50     0   0  5  
 2 Raphael Diaz             Cameron Gaunce                                    50     0   0  5  

Penalty Kill 4 Players Forward 
   Center                   Wing                     Time % Phy DF OF 
 1 Pierre-Marc Bouchard     Steve Downie             60     1   3  1  
 2 Dustin Boyd              Greg Stewart             40     1   3  1  

Penalty Kill 4 Players Defense
   Defense                  Defense                  Time % Phy DF OF 
 1 Mark Stuart              Bryce Lampman            60     1   3  1  
 2 Philip Larsen            Raphael Diaz             40     1   3  1  

Penalty Kill - 3 Players Forward 
   Forward                                           Time % Phy DF OF 
 1 Frans Nielsen                                     60     1   4  0  
 2 Dave Bolland                                      40     1   4  0  

Penalty Kill - 3 Players Defense
   Defense                  Defense                  Time % Phy DF OF 
 1 Mark Stuart              Bryce Lampman            60     1   4  0  
 2 Brady Skjei              Raphael Diaz             40     1   4  0  

4 vs 4 Forward 
   Center                   Wing                     Time % Phy DF OF 
 1 Dave Bolland             Claude Giroux            60     0   2  3  
 2 Frans Nielsen            Benoit Pouliot           40     0   2  3  

4 vs 4 Defense
   Defense                  Defense                  Time % Phy DF OF 
 1 Brady Skjei              Mark Stuart              60     0   2  3  
 2 Cameron Gaunce           Raphael Diaz             40     0   2  3  

Last Minutes Offensive
   Center                   Left Wing                Right Wing               Defense                  Defense                  
   Frans Nielsen            Greg Stewart             Claude Giroux            Brady Skjei              Bryce Lampman            

Last Minutes Defensive
   Center                   Left Wing                Right Wing               Defense                  Defense                  
   Frans Nielsen            Greg Stewart             Steve Downie             Mark Stuart              Bryce Lampman            

Goaltenders
Starting : Allen York               
Backup : Kristers Gudlevskis      

Extra Forwards
Normal : Claude Giroux, Greg Stewart, Benoit Pouliot - PP : Claude Giroux, Greg Stewart - PK : Steve Downie
Extra Defensemen
Normal : Brady Skjei, Bryce Lampman, Raphael Diaz - PP : Brady Skjei - PK : Raphael Diaz, Bryce Lampman
Penalty Shots
Claude Giroux, Brett Maclean, Greg Stewart, Benoit Pouliot, Frans Nielsen

Scratches
Viktor Stalberg (Healthy)

% Time on Ice - Maple Leafs

Lines # - Real PCT - Wanted PCT - Time Play
Normal Forward
1 - 35% - 40% - 14:05
2 - 24% - 30% - 9:39
3 - 24% - 20% - 9:51
4 - 17% - 10% - 6:54
Normal Defense
1 - 40% - 40% - 16:23
2 - 31% - 30% - 12:27
3 - 26% - 20% - 10:37
4 - 3% - 10% - 1:02
PP Forward
1 - 55% - 60% - 4:03
2 - 45% - 40% - 3:20
PP Defense
1 - 62% - 60% - 4:36
2 - 38% - 40% - 2:47
PK Forward
1 - 75% - 60% - 6:28
2 - 25% - 40% - 2:11
PK Defense
1 - 61% - 60% - 5:16
2 - 39% - 40% - 3:23
PK3 Forward
1 - 66% - 60% - 0:40
2 - 34% - 40% - 0:21
PK3 Defense
1 - 98% - 60% - 1:00
2 - 2% - 40% - 0:01
44 Forward
1 - 72% - 60% - 1:47
2 - 28% - 40% - 0:41
44 Defense
1 - 60% - 60% - 1:29
2 - 40% - 40% - 0:59
Last Minute Offensive  - 0:00
Last Minute Defensive  - 0:00
Total
Forward - 60:00
Defense - 60:00

% Time on Ice - Canadiens

Lines # - Real PCT - Wanted PCT - Time Play
Normal Forward
1 - 35% - 40% - 14:05
2 - 24% - 30% - 9:42
3 - 26% - 20% - 10:22
4 - 16% - 10% - 6:20
Normal Defense
1 - 40% - 40% - 16:16
2 - 32% - 30% - 12:53
3 - 24% - 20% - 9:48
4 - 4% - 10% - 1:32
PP Forward
1 - 57% - 50% - 5:17
2 - 43% - 50% - 4:01
PP Defense
1 - 49% - 50% - 4:34
2 - 51% - 50% - 4:44
PK Forward
1 - 79% - 60% - 4:21
2 - 21% - 40% - 1:08
PK Defense
1 - 77% - 60% - 4:14
2 - 23% - 40% - 1:15
PK3 Forward
1 - 82% - 60% - 1:34
2 - 18% - 40% - 0:20
PK3 Defense
1 - 68% - 60% - 1:18
2 - 32% - 40% - 0:36
44 Forward
1 - 88% - 60% - 2:30
2 - 12% - 40% - 0:20
44 Defense
1 - 63% - 60% - 1:47
2 - 37% - 40% - 1:03
Last Minute Offensive  - 0:00
Last Minute Defensive  - 0:00
Total
Forward - 60:00
Defense - 60:00

Play-by-Play

1st period


0:01 of 1st period - Brayden Schenn wins face-off versus Frans Nielsen in neutral zone.
0:22 of 1st period - Minor Penalty to Kyle Clifford for High sticking.
0:23 of 1st period - Jordan Staal wins face-off versus Frans Nielsen in Maple Leafs zone.
0:44 of 1st period - Claude Giroux is hit by Chris Kelly and loses puck.
1:17 of 1st period - Wrist shot by Greg Stewart.
1:17 of 1st period - Shot Misses the Net.
1:33 of 1st period - Snap shot by Claude Giroux.
1:33 of 1st period - Stopped by Brian Elliott without a rebound.
1:34 of 1st period - Dave Bolland wins face-off versus Chris Kelly in Maple Leafs zone.
1:37 of 1st period - Slapshot by Dave Bolland.
1:37 of 1st period - Goal by Dave Bolland - Maple Leafs : 0 - Canadiens : 1.
1:38 of 1st period - Dave Bolland wins face-off versus Jordan Staal in neutral zone.
1:51 of 1st period - Slapshot by Jordan Staal.
1:51 of 1st period - Shot Blocked by Dave Bolland.
1:53 of 1st period - Snap shot by Jordan Staal.
1:53 of 1st period - Stopped by Allen York with a rebound.
2:05 of 1st period - Jordan Szwarz is hit by Patrick Kane and loses puck.
2:47 of 1st period - Snap shot by John Klingberg.
2:47 of 1st period - Stopped by Allen York with a rebound.
2:51 of 1st period - Wrist shot by Kevin Shattenkirk.
2:51 of 1st period - Shot Blocked by Cameron Gaunce.
3:11 of 1st period - Snap shot by Jordan Staal.
3:11 of 1st period - Stopped by Allen York without a rebound.
3:12 of 1st period - Jordan Staal wins face-off versus Dave Bolland in Canadiens zone.
3:27 of 1st period - Wrist shot by Benoit Pouliot.
3:27 of 1st period - Shot Blocked by Jordan Staal.
3:49 of 1st period - Wrist shot by Jordan Staal.
3:49 of 1st period - Stopped by Allen York with a rebound.
4:23 of 1st period - Snap shot by Jake Guentzel.
4:23 of 1st period - Deflect By Jordan Staal.
4:23 of 1st period - Shot Misses the Net.
4:23 of 1st period - Puck is out of play.
4:24 of 1st period - Greg Stewart wins face-off versus Brayden Schenn in Canadiens zone.
5:17 of 1st period - Slapshot by Hampus Lindholm.
5:17 of 1st period - Shot Hit the Post.
5:19 of 1st period - Slapshot by Braydon Coburn.
5:19 of 1st period - Shot Blocked by Philip Larsen.
5:21 of 1st period - Slapshot by Braydon Coburn.
5:21 of 1st period - Deflect By Cameron Gaunce.
5:21 of 1st period - Stopped by Allen York with a rebound.
5:23 of 1st period - Slapshot by Braydon Coburn.
5:23 of 1st period - Stopped by Allen York without a rebound.
5:24 of 1st period - Kyle Clifford wins face-off versus Frans Nielsen in Canadiens zone.
6:16 of 1st period - Wrist shot by Chris Kelly.
6:16 of 1st period - Shot Blocked by Nikolai Zherdev.
6:18 of 1st period - Wrist shot by Chris Kelly.
6:18 of 1st period - Shot Blocked by Nikolai Zherdev.
6:20 of 1st period - Slapshot by Blake Comeau.
6:20 of 1st period - Stopped by Allen York with a rebound.
6:22 of 1st period - Snap shot by Dany Heatley.
6:22 of 1st period - Shot Misses the Net.
6:24 of 1st period - Wrist shot by Dany Heatley.
6:24 of 1st period - Stopped by Allen York with a rebound.
6:26 of 1st period - Snap shot by Blake Comeau.
6:26 of 1st period - Stopped by Allen York without a rebound.
6:27 of 1st period - Frans Nielsen wins face-off versus Brayden Schenn in Canadiens zone.
6:27 of 1st period - Frans Nielsen is hit by Hampus Lindholm.
6:53 of 1st period - Dustin Boyd is hit by Ben Smith and loses puck.
7:22 of 1st period - Snap shot by Mika Zibanejad.
7:22 of 1st period - Shot Blocked by Benoit Pouliot.
8:03 of 1st period - Brady Skjei is hit by Jake Guentzel and loses puck.
8:26 of 1st period - Snap shot by Dustin Boyd.
8:26 of 1st period - Shot Blocked by Kyle Clifford.
8:42 of 1st period - Kevin Shattenkirk is hit by Steve Downie and loses puck.
8:59 of 1st period - Brady Skjei is hit by Blake Comeau and loses puck.
9:10 of 1st period - Braydon Coburn is hit by Nikolai Zherdev and loses puck.
9:25 of 1st period - Wrist shot by Jordan Szwarz.
9:25 of 1st period - Stopped by Brian Elliott without a rebound.
9:26 of 1st period - Dustin Boyd wins face-off versus Jordan Staal in Maple Leafs zone.
9:59 of 1st period - Snap shot by Dustin Boyd.
9:59 of 1st period - Shot Misses the Net.
10:33 of 1st period - Wrist shot by Jordan Staal.
10:33 of 1st period - Stopped by Allen York with a rebound.
10:44 of 1st period - Off-side.
10:45 of 1st period - Brayden Schenn wins face-off versus Claude Giroux in neutral zone.
10:50 of 1st period - Slapshot by Kyle Clifford.
10:50 of 1st period - Stopped by Allen York with a rebound.
12:24 of 1st period - Wrist shot by Kyle Clifford.
12:24 of 1st period - Stopped by Allen York without a rebound.
12:25 of 1st period - Pierre-Marc Bouchard wins face-off versus Brayden Schenn in Canadiens zone.
12:55 of 1st period - Andre Burakovsky is hit by Nick Spaling.
13:15 of 1st period - Wrist shot by Nikolai Zherdev.
13:15 of 1st period - Shot Misses the Net.
13:17 of 1st period - Snap shot by Pierre-Marc Bouchard.
13:17 of 1st period - Shot Misses the Net.
13:52 of 1st period - Beau Bennett is hit by Raphael Diaz and loses puck.
14:01 of 1st period - Snap shot by Brady Skjei.
14:01 of 1st period - Stopped by Brian Elliott without a rebound.
14:02 of 1st period - Brayden Schenn wins face-off versus Frans Nielsen in Maple Leafs zone.
14:25 of 1st period - Minor Penalty to Frans Nielsen for Holding.
14:26 of 1st period - Dave Bolland wins face-off versus Brayden Schenn in Canadiens zone.
14:32 of 1st period - Off-side.
14:33 of 1st period - Brayden Schenn wins face-off versus Dave Bolland in neutral zone.
14:38 of 1st period - Snap shot by Kyle Clifford.
14:38 of 1st period - Goal by Kyle Clifford - Maple Leafs : 1 - Canadiens : 1.
14:39 of 1st period - Brayden Schenn wins face-off versus Frans Nielsen in neutral zone.
14:49 of 1st period - Minor Penalty to Brady Skjei for Hooking.
14:50 of 1st period - Pierre-Marc Bouchard wins face-off versus Brayden Schenn in Canadiens zone.
15:18 of 1st period - Minor Penalty to Jake Guentzel for Tripping.
15:19 of 1st period - Jordan Staal wins face-off versus Dave Bolland in Maple Leafs zone.
15:28 of 1st period - Wrist shot by Jordan Staal.
15:28 of 1st period - Shot Misses the Net.
15:57 of 1st period - Wrist shot by Benoit Pouliot.
15:57 of 1st period - Stopped by Brian Elliott with a rebound.
16:40 of 1st period - Bryce Lampman is hit by Hampus Lindholm.
16:49 of 1st period - Penalty to Brady Skjei is over, Brady Skjei is back on ice.
17:18 of 1st period - Penalty to Jake Guentzel is over, Jake Guentzel is back on ice.
17:18 of 1st period - Ben Smith is hit by Dave Bolland and loses puck.
17:31 of 1st period - Wrist shot by Beau Bennett.
17:31 of 1st period - Deflect By Nick Spaling.
17:31 of 1st period - Stopped by Allen York with a rebound.
17:33 of 1st period - Snap shot by Mika Zibanejad.
17:33 of 1st period - Stopped by Allen York without a rebound.
17:34 of 1st period - Andre Burakovsky wins face-off versus Jordan Szwarz in Canadiens zone.
17:45 of 1st period - Slapshot by Dustin Boyd.
17:45 of 1st period - Shot Misses the Net.
17:47 of 1st period - Slapshot by Bryce Lampman.
17:47 of 1st period - Deflect By Jordan Szwarz.
17:47 of 1st period - Shot Blocked by Calvin de Haan.
17:47 of 1st period - Puck is out of play.
17:48 of 1st period - Claude Giroux wins face-off versus Brayden Schenn in Maple Leafs zone.
18:01 of 1st period - Slapshot by Kyle Clifford.
18:01 of 1st period - Goal by Kyle Clifford - Maple Leafs : 2 - Canadiens : 1.
18:02 of 1st period - Frans Nielsen wins face-off versus Brayden Schenn in neutral zone.
19:00 of 1st period - Icing by Dany Heatley.
19:01 of 1st period - Frans Nielsen wins face-off versus Chris Kelly in Maple Leafs zone.
19:24 of 1st period - Slapshot by Chris Kelly.
19:24 of 1st period - Stopped by Allen York without a rebound.
19:25 of 1st period - Brayden Schenn wins face-off versus Dave Bolland in Canadiens zone.
19:28 of 1st period - Snap shot by Patrick Kane.
19:28 of 1st period - Shot Blocked by Brady Skjei.
19:30 of 1st period - Slapshot by John Klingberg.
19:30 of 1st period - Shot Misses the Net.
19:32 of 1st period - Snap shot by Brayden Schenn.
19:32 of 1st period - Shot Misses the Net.
19:34 of 1st period - Wrist shot by Kyle Clifford.
19:34 of 1st period - Stopped by Allen York with a rebound.
19:40 of 1st period - Snap shot by Patrick Kane.
19:40 of 1st period - Shot Misses the Net.
Goals for this period are 2 for Maple Leafs vs 1 for Canadiens.
Shots for this period are 18 for Maple Leafs vs 5 for Canadiens.

2nd period


0:01 of 2nd period - Frans Nielsen wins face-off versus Brayden Schenn in neutral zone.
0:06 of 2nd period - Snap shot by Claude Giroux.
0:06 of 2nd period - Stopped by Brian Elliott without a rebound.
0:07 of 2nd period - Brayden Schenn wins face-off versus Claude Giroux in Maple Leafs zone.
0:07 of 2nd period - Brayden Schenn is hit by Claude Giroux.
0:15 of 2nd period - Slapshot by John Klingberg.
0:15 of 2nd period - Stopped by Allen York without a rebound.
0:16 of 2nd period - Frans Nielsen wins face-off versus Brayden Schenn in Canadiens zone.
0:43 of 2nd period - Steve Downie is hit by John Klingberg and loses puck.
1:43 of 2nd period - Pierre-Marc Bouchard is hit by Brayden Schenn and loses puck.
1:48 of 2nd period - Wrist shot by Patrick Kane.
1:48 of 2nd period - Shot Blocked by Raphael Diaz.
1:50 of 2nd period - Slapshot by Brayden Schenn.
1:50 of 2nd period - Deflect By Patrick Kane.
1:50 of 2nd period - Goal by Patrick Kane - Maple Leafs : 3 - Canadiens : 1.
1:51 of 2nd period - Frans Nielsen wins face-off versus Brayden Schenn in neutral zone.
1:54 of 2nd period - Kevin Shattenkirk is hit by Frans Nielsen.
3:08 of 2nd period - Wrist shot by Nick Spaling.
3:08 of 2nd period - Shot Misses the Net.
3:10 of 2nd period - Snap shot by Nick Spaling.
3:10 of 2nd period - Shot Misses the Net.
3:12 of 2nd period - Backhand shot by Pierre-Marc Bouchard.
3:12 of 2nd period - Stopped by Brian Elliott without a rebound.
3:13 of 2nd period - Frans Nielsen wins face-off versus Brayden Schenn in Maple Leafs zone.
3:47 of 2nd period - Slapshot by Dave Bolland.
3:47 of 2nd period - Shot Blocked by Jake Guentzel.
3:49 of 2nd period - Snap shot by Steve Downie.
3:49 of 2nd period - Stopped by Brian Elliott without a rebound.
3:50 of 2nd period - Frans Nielsen wins face-off versus Jordan Staal in Maple Leafs zone.
4:15 of 2nd period - Kevin Shattenkirk is hit by Cameron Gaunce and loses puck.
4:26 of 2nd period - Backhand shot by Steve Downie.
4:26 of 2nd period - Stopped by Brian Elliott with a rebound.
4:42 of 2nd period - Jordan Szwarz is hit by Andre Burakovsky and loses puck.
4:55 of 2nd period - Minor Penalty to Dustin Boyd for Interference.
4:56 of 2nd period - Brayden Schenn wins face-off versus Pierre-Marc Bouchard in Canadiens zone.
6:17 of 2nd period - Patrick Kane is hit by Benoit Pouliot and loses puck.
6:54 of 2nd period - Bryce Lampman is hit by Patrick Kane.
6:55 of 2nd period - Penalty to Dustin Boyd is over, Dustin Boyd is back on ice.
7:02 of 2nd period - Wrist shot by Greg Stewart.
7:02 of 2nd period - Shot Blocked by Hampus Lindholm.
7:16 of 2nd period - Wrist shot by Dustin Boyd.
7:16 of 2nd period - Stopped by Brian Elliott without a rebound.
7:17 of 2nd period - Chris Kelly wins face-off versus Jordan Szwarz in Maple Leafs zone.
7:28 of 2nd period - Cameron Gaunce is hit by Chris Kelly and loses puck.
7:49 of 2nd period - Off-side.
7:50 of 2nd period - Frans Nielsen wins face-off versus Brayden Schenn in neutral zone.
8:23 of 2nd period - Minor Penalty to Dustin Boyd for Hooking.
8:24 of 2nd period - Jordan Staal wins face-off versus Pierre-Marc Bouchard in Canadiens zone.
8:28 of 2nd period - Minor Penalty to Steve Downie for Interference.
8:29 of 2nd period - Frans Nielsen wins face-off versus Brayden Schenn in Canadiens zone.
9:20 of 2nd period - Snap shot by Dave Bolland.
9:20 of 2nd period - Stopped by Brian Elliott without a rebound.
9:21 of 2nd period - Frans Nielsen wins face-off versus Jordan Staal in Maple Leafs zone.
9:24 of 2nd period - Snap shot by Frans Nielsen.
9:24 of 2nd period - Stopped by Brian Elliott with a rebound.
10:23 of 2nd period - Penalty to Dustin Boyd is over, Dustin Boyd is back on ice.
10:28 of 2nd period - Penalty to Steve Downie is over, Steve Downie is back on ice.
10:36 of 2nd period - John Klingberg is hit by Brady Skjei and loses puck.
11:17 of 2nd period - Snap shot by Benoit Pouliot.
11:17 of 2nd period - Shot Misses the Net.
11:19 of 2nd period - Snap shot by Dave Bolland.
11:19 of 2nd period - Shot Misses the Net.
11:35 of 2nd period - Frans Nielsen is hit by Hampus Lindholm and loses puck.
11:51 of 2nd period - Pierre-Marc Bouchard is hit by Beau Bennett and loses puck.
11:56 of 2nd period - Pierre-Marc Bouchard is hit by Ryan Parent and loses puck.
12:59 of 2nd period - Claude Giroux is hit by Brayden Schenn and loses puck.
13:20 of 2nd period - Hampus Lindholm is hit by Brady Skjei.
13:35 of 2nd period - Minor Penalty to Mika Zibanejad for Hooking.
13:36 of 2nd period - Jordan Staal wins face-off versus Dave Bolland in Maple Leafs zone.
13:36 of 2nd period - Ryan Parent is hit by Benoit Pouliot and loses puck.
15:34 of 2nd period - Greg Stewart is hit by Brayden Schenn and loses puck.
15:35 of 2nd period - Penalty to Mika Zibanejad is over, Mika Zibanejad is back on ice.
15:55 of 2nd period - Beau Bennett is hit by Brett Maclean and loses puck.
16:02 of 2nd period - Mark Stuart is hit by Kevin Shattenkirk and loses puck.
16:13 of 2nd period - Jordan Szwarz is hit by John Klingberg and loses puck.
16:28 of 2nd period - Icing by Dustin Boyd.
16:29 of 2nd period - Chris Kelly wins face-off versus Pierre-Marc Bouchard in Canadiens zone.
17:19 of 2nd period - Off-side.
17:20 of 2nd period - Brayden Schenn wins face-off versus Frans Nielsen in neutral zone.
17:35 of 2nd period - Snap shot by Patrick Kane.
17:35 of 2nd period - Goal by Patrick Kane - Maple Leafs : 4 - Canadiens : 1.
17:36 of 2nd period - Frans Nielsen wins face-off versus Brayden Schenn in neutral zone.
18:03 of 2nd period - Jake Guentzel is hit by Dave Bolland.
18:09 of 2nd period - Snap shot by Benoit Pouliot.
18:09 of 2nd period - Shot Misses the Net.
18:11 of 2nd period - Slapshot by Mark Stuart.
18:11 of 2nd period - Deflect By Jordan Staal.
18:11 of 2nd period - Stopped by Brian Elliott with a rebound.
18:13 of 2nd period - Snap shot by Dave Bolland.
18:13 of 2nd period - Deflect By Steve Downie.
18:13 of 2nd period - Stopped by Brian Elliott with a rebound.
18:15 of 2nd period - Wrist shot by Steve Downie.
18:15 of 2nd period - Shot Misses the Net.
18:17 of 2nd period - Slapshot by Raphael Diaz.
18:17 of 2nd period - Shot Blocked by Jake Guentzel.
18:42 of 2nd period - Minor Penalty to Braydon Coburn for Hooking.
18:43 of 2nd period - Jordan Staal wins face-off versus Dave Bolland in Maple Leafs zone.
18:43 of 2nd period - Jordan Staal is hit by Dave Bolland.
19:01 of 2nd period - Kevin Shattenkirk is hit by Raphael Diaz.
19:36 of 2nd period - Frans Nielsen is hit by Kevin Shattenkirk and loses puck.
Goals for this period are 2 for Maple Leafs vs 0 for Canadiens.
Shots for this period are 3 for Maple Leafs vs 9 for Canadiens.

3rd period


0:01 of 3rd period - Dave Bolland wins face-off versus Jordan Staal in neutral zone.
0:42 of 3rd period - Penalty to Braydon Coburn is over, Braydon Coburn is back on ice.
0:56 of 3rd period - Snap shot by Andre Burakovsky.
0:56 of 3rd period - Stopped by Allen York without a rebound.
0:57 of 3rd period - Frans Nielsen wins face-off versus Patrick Kane in Canadiens zone.
1:36 of 3rd period - Slapshot by Brady Skjei.
1:36 of 3rd period - Shot Blocked by Braydon Coburn.
1:58 of 3rd period - Slapshot by John Klingberg.
1:58 of 3rd period - Deflect By Brett Maclean.
1:58 of 3rd period - Stopped by Allen York without a rebound.
1:59 of 3rd period - Brayden Schenn wins face-off versus Frans Nielsen in Canadiens zone.
2:15 of 3rd period - Minor Penalty to Kyle Clifford for Tripping.
2:16 of 3rd period - Jordan Staal wins face-off versus Dave Bolland in Maple Leafs zone.
2:33 of 3rd period - Wrist shot by Ben Smith.
2:33 of 3rd period - Shot Misses the Net.
3:50 of 3rd period - Braydon Coburn is hit by Raphael Diaz.
4:15 of 3rd period - Penalty to Kyle Clifford is over, Kyle Clifford is back on ice.
4:26 of 3rd period - Kevin Shattenkirk is hit by Dustin Boyd.
4:28 of 3rd period - Wrist shot by Andre Burakovsky.
4:28 of 3rd period - Goal by Andre Burakovsky - Maple Leafs : 5 - Canadiens : 1.
4:28 of 3rd period - Kristers Gudlevskis enters game.
4:29 of 3rd period - Brayden Schenn wins face-off versus Frans Nielsen in neutral zone.
4:35 of 3rd period - Minor Penalty to Bryce Lampman for Tripping.
4:36 of 3rd period - Kyle Clifford wins face-off versus Pierre-Marc Bouchard in Canadiens zone.
4:44 of 3rd period - Snap shot by Patrick Kane.
4:44 of 3rd period - Stopped by Kristers Gudlevskis with a rebound.
6:35 of 3rd period - Penalty to Bryce Lampman is over, Bryce Lampman is back on ice.
6:50 of 3rd period - Slapshot by Raphael Diaz.
6:50 of 3rd period - Shot Misses the Net.
6:52 of 3rd period - Backhand shot by Philip Larsen.
6:52 of 3rd period - Shot Misses the Net.
6:54 of 3rd period - Slapshot by Claude Giroux.
6:54 of 3rd period - Shot Misses the Net.
7:08 of 3rd period - Slapshot by Calvin de Haan.
7:08 of 3rd period - Shot Blocked by Bryce Lampman.
7:31 of 3rd period - Wrist shot by Claude Giroux.
7:31 of 3rd period - Shot Misses the Net.
7:34 of 3rd period - Icing by Kyle Clifford.
7:35 of 3rd period - Frans Nielsen wins face-off versus Brayden Schenn in Maple Leafs zone.
7:50 of 3rd period - Jordan Staal is hit by Cameron Gaunce and loses puck.
8:17 of 3rd period - Slapshot by John Klingberg.
8:17 of 3rd period - Shot Misses the Net.
8:33 of 3rd period - Snap shot by Chris Kelly.
8:33 of 3rd period - Stopped by Kristers Gudlevskis with a rebound.
8:35 of 3rd period - Wrist shot by Dany Heatley.
8:35 of 3rd period - Stopped by Kristers Gudlevskis without a rebound.
8:36 of 3rd period - Frans Nielsen wins face-off versus Chris Kelly in Canadiens zone.
8:43 of 3rd period - Wrist shot by Dany Heatley.
8:43 of 3rd period - Shot Misses the Net.
9:46 of 3rd period - Slapshot by Calvin de Haan.
9:46 of 3rd period - Shot Misses the Net.
9:48 of 3rd period - Snap shot by Dany Heatley.
9:48 of 3rd period - Stopped by Kristers Gudlevskis without a rebound.
9:49 of 3rd period - Brayden Schenn wins face-off versus Greg Stewart in Canadiens zone.
10:01 of 3rd period - Icing by John Klingberg.
10:02 of 3rd period - Frans Nielsen wins face-off versus Brayden Schenn in Maple Leafs zone.
10:27 of 3rd period - Wrist shot by Brayden Schenn.
10:27 of 3rd period - Shot Misses the Net.
11:09 of 3rd period - Slapshot by Brayden Schenn.
11:09 of 3rd period - Shot Misses the Net.
11:11 of 3rd period - Slapshot by Kevin Shattenkirk.
11:11 of 3rd period - Stopped by Kristers Gudlevskis with a rebound.
11:13 of 3rd period - Snap shot by Kyle Clifford.
11:13 of 3rd period - Shot Misses the Net.
11:19 of 3rd period - Wrist shot by Kyle Clifford.
11:19 of 3rd period - Deflect By Patrick Kane.
11:19 of 3rd period - Stopped by Kristers Gudlevskis with a rebound.
11:39 of 3rd period - Snap shot by Kyle Clifford.
11:39 of 3rd period - Goal by Kyle Clifford - Maple Leafs : 6 - Canadiens : 1.
11:40 of 3rd period - Dave Bolland wins face-off versus Jordan Staal in neutral zone.
12:04 of 3rd period - Icing by Dave Bolland.
12:05 of 3rd period - Mika Zibanejad wins face-off versus Jordan Szwarz in Canadiens zone.
12:06 of 3rd period - Snap shot by Andre Burakovsky.
12:06 of 3rd period - Shot Blocked by Brady Skjei.
12:10 of 3rd period - Snap shot by Andre Burakovsky.
12:10 of 3rd period - Shot Misses the Net.
12:12 of 3rd period - Slapshot by Ryan Parent.
12:12 of 3rd period - Stopped by Kristers Gudlevskis with a rebound.
12:14 of 3rd period - Snap shot by Calvin de Haan.
12:14 of 3rd period - Stopped by Kristers Gudlevskis with a rebound.
12:16 of 3rd period - Snap shot by Calvin de Haan.
12:16 of 3rd period - Goal by Calvin de Haan - Maple Leafs : 7 - Canadiens : 1.
12:17 of 3rd period - Jake Guentzel wins face-off versus Dave Bolland in neutral zone.
12:26 of 3rd period - Wrist shot by Jordan Staal.
12:26 of 3rd period - Goal by Jordan Staal - Maple Leafs : 8 - Canadiens : 1.
12:27 of 3rd period - Frans Nielsen wins face-off versus Brayden Schenn in neutral zone.
12:30 of 3rd period - Snap shot by Brady Skjei.
12:30 of 3rd period - Deflect By Claude Giroux.
12:30 of 3rd period - Shot Blocked by Kevin Shattenkirk.
12:30 of 3rd period - Puck is out of play.
12:31 of 3rd period - Claude Giroux wins face-off versus Brayden Schenn in Maple Leafs zone.
12:32 of 3rd period - Snap shot by Greg Stewart.
12:32 of 3rd period - Shot Misses the Net.
12:34 of 3rd period - Slapshot by Bryce Lampman.
12:34 of 3rd period - Stopped by Brian Elliott with a rebound.
12:36 of 3rd period - Snap shot by Claude Giroux.
12:36 of 3rd period - Stopped by Brian Elliott with a rebound.
12:40 of 3rd period - Backhand shot by Greg Stewart.
12:40 of 3rd period - Stopped by Brian Elliott without a rebound.
12:41 of 3rd period - Kyle Clifford wins face-off versus Frans Nielsen in Maple Leafs zone.
12:46 of 3rd period - Bryce Lampman is hit by John Klingberg and loses puck.
13:15 of 3rd period - Slapshot by Brady Skjei.
13:15 of 3rd period - Stopped by Brian Elliott with a rebound.
13:17 of 3rd period - Snap shot by Dave Bolland.
13:17 of 3rd period - Stopped by Brian Elliott with a rebound.
13:19 of 3rd period - Wrist shot by Benoit Pouliot.
13:19 of 3rd period - Stopped by Brian Elliott with a rebound.
13:29 of 3rd period - Brett Maclean is hit by Mika Zibanejad.
14:02 of 3rd period - Snap shot by Blake Comeau.
14:02 of 3rd period - Shot Misses the Net.
14:44 of 3rd period - Wrist shot by Dave Bolland.
14:44 of 3rd period - Stopped by Brian Elliott without a rebound.
14:45 of 3rd period - Frans Nielsen wins face-off versus Jordan Staal in Maple Leafs zone.
14:46 of 3rd period - Snap shot by Greg Stewart.
14:46 of 3rd period - Deflect By Frans Nielsen.
14:46 of 3rd period - Shot Blocked by Ben Smith.
14:46 of 3rd period - Puck is out of play.
14:47 of 3rd period - Jordan Staal wins face-off versus Frans Nielsen in Maple Leafs zone.
15:00 of 3rd period - Snap shot by Jordan Staal.
15:00 of 3rd period - Goal by Jordan Staal - Maple Leafs : 9 - Canadiens : 1.
15:01 of 3rd period - Brayden Schenn wins face-off versus Frans Nielsen in neutral zone.
15:01 of 3rd period - Claude Giroux and John Klingberg fight to a draw.
15:01 of 3rd period - Penalty to Claude Giroux for Fighting.
15:01 of 3rd period - Penalty to John Klingberg for Fighting.
15:02 of 3rd period - Brayden Schenn wins face-off versus Frans Nielsen in neutral zone.
15:06 of 3rd period - Icing by Bryce Lampman.
15:07 of 3rd period - Frans Nielsen wins face-off versus Brayden Schenn in Canadiens zone.
16:03 of 3rd period - Snap shot by Jake Guentzel.
16:03 of 3rd period - Shot Misses the Net.
16:22 of 3rd period - Minor Penalty to Raphael Diaz for Charging.
16:23 of 3rd period - Pierre-Marc Bouchard wins face-off versus Ben Smith in Canadiens zone.
16:39 of 3rd period - Snap shot by Jake Guentzel.
16:39 of 3rd period - Shot Misses the Net.
16:55 of 3rd period - Snap shot by Kyle Clifford.
16:55 of 3rd period - Deflect By Pierre-Marc Bouchard.
16:55 of 3rd period - Stopped by Kristers Gudlevskis without a rebound.
16:56 of 3rd period - Pierre-Marc Bouchard wins face-off versus Brayden Schenn in Canadiens zone.
17:01 of 3rd period - Minor Penalty to Kyle Clifford for Tripping.
17:02 of 3rd period - Jordan Staal wins face-off versus Greg Stewart in Maple Leafs zone.
17:59 of 3rd period - Minor Penalty to Mika Zibanejad for Hooking.
18:00 of 3rd period - Brayden Schenn wins face-off versus Dave Bolland in Maple Leafs zone.
18:00 of 3rd period - Brayden Schenn is hit by Mark Stuart.
18:22 of 3rd period - Penalty to Raphael Diaz is over, Raphael Diaz is back on ice.
18:30 of 3rd period - Snap shot by Benoit Pouliot.
18:30 of 3rd period - Shot Misses the Net.
18:32 of 3rd period - Slapshot by Mark Stuart.
18:32 of 3rd period - Stopped by Brian Elliott with a rebound.
19:01 of 3rd period - Penalty to Kyle Clifford is over, Kyle Clifford is back on ice.
19:59 of 3rd period - Penalty to Mika Zibanejad is over, Mika Zibanejad is back on ice.
Goals for this period are 5 for Maple Leafs vs 0 for Canadiens.
Shots for this period are 16 for Maple Leafs vs 8 for Canadiens.